[Event "Titled Tuesday Blitz November 07 Early 2023"]
[White "Bodnaruk, Anastasia"]
[Black "WindWhistler11"]
[WhiteFideId "4181751"]
[WhiteElo "2605"]
[BlackElo "2438"]
[Result "1-0"]
[Round "5"]
[TimeControl "180+1"]
[Date "2023.11.07"]
[WhiteClock "0:00:09"]
[BlackClock "0:00:00"]
[Board "112"]

1. e4 e6 2. d4 d5 3. Nc3 Bb4 4. e5 Ne7 5. a3 Bxc3+ 6. bxc3 c5 7. h4 Qa5 8. Bd2 Qa4 9. Nf3 Nbc6 10. Qb1 c4 11. h5 h6 12. g4 b6 13. g5 hxg5 14. Nxg5 Bd7 15. Be2 Nf5 16. Bg4 Nh6 17. Bh3 O-O-O 18. f4 Kb7 19. Kd1 Rde8 20. Re1 Nd8 21. Qb4 Qxb4 22. cxb4 Re7 23. a4 a6 24. c3 f6 25. exf6 gxf6 26. Nf3 Be8 27. Kc2 Bxh5 28. Rf1 Bg6+ 29. Kb2 Bd3 30. Rg1 Nhf7 31. Bf1 Be4 32. Be2 Nd6 33. Rg2 Rh3 34. Rf2 N8f7 35. Rg1 Nh6 36. Ne1 Nhf5 37. Rg8 Bd3 38. Bg4 Rh1 39. Rf8 Ne4 40. Rg2 Nh4 41. Rh8 Nxd2 42. Rxd2 Rxe1 43. Rxh4 Rb1+ 44. Ka2 Rg7 45. Rxd3 cxd3 46. Kxb1 f5 47. Bd1 Rg2 48. Rh6 Rd2 49. Kc1 Ra2 50. Rxe6 Ra1+ 51. Kd2 Kc7 52. Re7+ Kd6 53. Rf7 1-0


[Site "https://www.chess.com"]

[Event "Titled Tuesday Blitz November 07 Early 2023"]
[White "Perdomo, Carlos Andres"]
[Black "Molina Carretero, Daniel"]
[WhiteFideId "4400852"]
[BlackFideId "32071914"]
[WhiteElo "2600"]
[BlackElo "2430"]
[Result "1-0"]
[Round "5"]
[TimeControl "180+1"]
[Date "2023.11.07"]
[WhiteClock "0:00:31"]
[BlackClock "0:01:26"]
[Board "113"]

1. c4 Nf6 2. Nf3 e6 3. Nc3 d5 4. e3 Be7 5. b3 O-O 6. Bb2 c5 7. d4 Nc6 8. cxd5 Nxd5 9. Nxd5 Qxd5 10. Bc4 Qh5 11. O-O Rd8 12. Qc2 b6 13. dxc5 Bxc5 14. Bb5 Bb7 15. a3 Qg6 16. Qxg6 hxg6 17. b4 Be7 18. Rac1 Rac8 19. h3 Bf6 20. Bxf6 gxf6 21. Rfd1 Rxd1+ 22. Rxd1 Rd8 23. Rc1 Rd6 24. Bxc6 Bxc6 25. Nd4 Bd7 26. Rc7 e5 27. Ne2 a6 28. Nc3 Rd1+ 29. Nxd1 1-0


[Site "https://www.chess.com"]

[Event "Titled Tuesday Blitz November 07 Early 2023"]
[White "LangesNasenhaar"]
[Black "Streltsov, Alexey"]
[BlackFideId "24104434"]
[WhiteElo "2427"]
[BlackElo "2596"]
[Result "1/2-1/2"]
[Round "5"]
[TimeControl "180+1"]
[Date "2023.11.07"]
[WhiteClock "0:00:03"]
[BlackClock "0:00:16"]
[Board "114"]

1. Nf3 d5 2. g3 Nc6 3. Bg2 Bf5 4. O-O e5 5. d3 Qd7 6. Nc3 O-O-O 7. a3 Bh3 8. e4 Bxg2 9. Kxg2 Nge7 10. Qe2 f6 11. b4 g5 12. b5 Nd4 13. Nxd4 exd4 14. Nxd5 Nxd5 15. exd5 Qxd5+ 16. Qf3 g4 17. Qxd5 Rxd5 18. a4 Bb4 19. Rb1 Bc3 20. Bb2 Bxb2 21. Rxb2 Re8 22. Rb4 Re2 23. Rc4 f5 24. Rb1 b6 25. Rbb4 Kb7 26. Rxd4 Rxd4 27. Rxd4 Rxc2 28. Rf4 Rc5 29. h3 h5 30. hxg4 fxg4 31. f3 Rc2+ 32. Kf1 gxf3 33. Rxf3 Ra2 34. Rf4 Ra3 35. Rd4 c5 36. bxc6+ Kxc6 37. Ke2 a5 38. Rc4+ Kd5 39. Rh4 Kd6 40. Ke3 Rb3 41. Rxh5 Rb4 42. Rh6+ Kc7 43. Rh7+ Kc6 44. Rh6+ Kb7 45. Rh7+ Ka6 46. d4 Rxa4 47. d5 Ra3+ 48. Kd4 Rxg3 49. d6 Rg1 50. d7 Rd1+ 51. Ke5 a4 52. Ke6 Re1+ 53. Kd6 Rd1+ 54. Kc7 Rc1+ 55. Kd6 Rd1+ 56. Kc7 Rc1+ 57. Kb8 Rd1 58. Kc7 1/2-1/2


[Site "https://www.chess.com"]

[Event "Titled Tuesday Blitz November 07 Early 2023"]
[White "Su, Dion"]
[Black "Kononenko, Dmitry"]
[WhiteFideId "2029731"]
[BlackFideId "14113538"]
[WhiteElo "2422"]
[BlackElo "2595"]
[Result "0-1"]
[Round "5"]
[TimeControl "180+1"]
[Date "2023.11.07"]
[WhiteClock "0:00:27"]
[BlackClock "0:01:57"]
[Board "115"]

1. e4 c6 2. Nf3 d5 3. Nc3 Bg4 4. h3 Bxf3 5. Qxf3 e6 6. d3 Bc5 7. g3 Ne7 8. Bg2 Nd7 9. O-O O-O 10. Qe2 Bd4 11. Kh2 g6 12. f4 Bg7 13. g4 f5 14. Re1 Rf7 15. Bd2 Nf6 16. exf5 exf5 17. g5 Nd7 18. Qe6 Nf8 19. Qe2 Nc8 20. h4 Re7 21. Qf3 Nd6 22. Rxe7 Qxe7 23. Re1 Qf7 24. Na4 Re8 25. b3 Nb5 26. c4 Nd4 27. Qf2 dxc4 28. dxc4 Rxe1 29. Qxe1 Nfe6 30. b4 Qc7 31. Kg3 h6 32. Nc5 Nxc5 33. bxc5 hxg5 34. hxg5 Kf7 35. Bc3 Ne6 36. Bxg7 Qxf4+ 37. Kh3 Nxg5# 0-1


[Site "https://www.chess.com"]

[Event "Titled Tuesday Blitz November 07 Early 2023"]
[White "Feuerstack, Aljoscha"]
[Black "Cristi_Coca"]
[WhiteFideId "4681932"]
[WhiteElo "2592"]
[BlackElo "2421"]
[Result "1-0"]
[Round "5"]
[TimeControl "180+1"]
[Date "2023.11.07"]
[WhiteClock "0:00:21"]
[BlackClock "0:00:17"]
[Board "116"]

1. e4 c5 2. Nf3 e6 3. g3 Nc6 4. Bg2 a6 5. O-O b5 6. Re1 Bb7 7. c3 Nf6 8. d4 cxd4 9. cxd4 d5 10. exd5 Nxd5 11. Nc3 Nxc3 12. bxc3 Be7 13. Ne5 Rc8 14. Qg4 Nxe5 15. dxe5 Bxg2 16. Qxg7 Rf8 17. Kxg2 Rxc3 18. Qxh7 Bg5 19. Qe4 Rc4 20. Qb7 Rh8 21. Bxg5 Qxg5 22. Qxa6 Rch4 23. Qc8+ Ke7 24. Qc5+ Ke8 25. Qc6+ Kf8 26. Qc5+ Kg7 27. Rh1 Qg4 28. Qe3 Rh3 29. Rad1 Qh5 30. Rd4 Rxh2+ 31. Rxh2 Qxh2+ 32. Kf3 Rh5 33. Rg4+ Kh7 34. Qf4 Rf5 35. Rh4+ Qxh4 36. gxh4 Rxf4+ 37. Kxf4 Kg6 38. Kg4 Kh6 39. h5 b4 40. Kh4 Kh7 41. Kg5 Kg7 42. h6+ Kh7 43. f3 Kg8 44. Kf6 Kh8 45. Kxf7 b3 46. axb3 Kh7 47. b4 Kxh6 48. b5 Kg5 49. b6 1-0


[Site "https://www.chess.com"]

[Event "Titled Tuesday Blitz November 07 Early 2023"]
[White "Todorovic, Bojan"]
[Black "Lewicki, Miroslaw"]
[WhiteFideId "917087"]
[BlackFideId "1113380"]
[WhiteElo "2420"]
[BlackElo "2586"]
[Result "0-1"]
[Round "5"]
[TimeControl "180+1"]
[Date "2023.11.07"]
[WhiteClock "0:01:21"]
[BlackClock "0:02:27"]
[Board "117"]

1. Nf3 e6 2. c4 Ke7 3. Nc3 d6 4. d4 Qd7 5. e4 b6 6. Bg5+ f6 7. Be3 Bb7 8. g3 Kf7 9. Bh3 Qe8 10. d5 e5 11. O-O g6 12. Nh4 Bc8 13. Bxc8 Qxc8 14. f4 Nd7 15. f5 g5 16. Qh5+ Kg7 17. Ng6 Qe8 0-1


[Site "https://www.chess.com"]

[Event "Titled Tuesday Blitz November 07 Early 2023"]
[White "Kozusek, Daniel"]
[Black "Bashirli, Saadat"]
[WhiteFideId "349500"]
[BlackFideId "13429990"]
[WhiteElo "2583"]
[BlackElo "2417"]
[Result "1/2-1/2"]
[Round "5"]
[TimeControl "180+1"]
[Date "2023.11.07"]
[WhiteClock "0:00:04"]
[BlackClock "0:00:04"]
[Board "118"]

1. d4 Nf6 2. c4 g6 3. g3 Bg7 4. Bg2 d6 5. Nc3 O-O 6. h3 c5 7. e3 cxd4 8. exd4 Nc6 9. Nf3 Bf5 10. O-O h5 11. d5 Na5 12. Nd4 Bd7 13. b3 b6 14. Bb2 Nb7 15. Re1 a5 16. Nc6 Bxc6 17. dxc6 Nc5 18. c7 Qxc7 19. Bxa8 Rxa8 20. Nd5 Nxd5 21. Qxd5 Rd8 22. Bxg7 Kxg7 23. Rad1 Qd7 24. Kg2 Rc8 25. Rd2 Re8 26. Rde2 e6 27. Qd4+ Kg8 28. Rd2 Rd8 29. Red1 Qc6+ 30. Kg1 d5 31. Qf6 Rd6 32. cxd5 exd5 33. Qe5 Ne4 34. Rxd5 Rxd5 35. Rxd5 Nf6 36. Rd8+ Kg7 37. Rd6 Qf3 38. Rxb6 Qd1+ 39. Kg2 Qd8 40. a3 Qxb6 41. b4 axb4 42. axb4 Qxb4 43. Qa1 Qe4+ 44. Kg1 h4 45. g4 Qf3 46. g5 Qf5 47. gxf6+ Qxf6 48. Qa4 Qg5+ 49. Kh2 Qe5+ 50. Kg2 Qd5+ 51. Kh2 g5 52. Qg4 Qe5+ 53. Kg2 Kg6 54. Qc4 Qf5 55. Qc6+ Qf6 56. Qe4+ Kg7 57. Qg4 Qc6+ 58. Kh2 Qd6+ 59. Kg2 Qf6 60. Qe4 Qg6 61. Qg4 Qf6 62. Qe2 Kg6 63. Qe4+ Qf5 64. Qe8 Kg7 65. Qe3 Qf6 66. Qe4 Qe6 67. Qd4+ Kg6 68. Qd3+ Qf5 69. Qd8 Qe4+ 70. Kg1 Qe5 71. Kg2 Qe4+ 72. Kg1 Kg7 73. Qd6 Qf3 74. Qd4+ Kg6 75. Qd6+ Qf6 76. Qd3+ Kh6 77. Qe4 Qe6 78. Qf3 Kg7 79. Qc3+ Qf6 80. Qe3 Qa1+ 81. Kg2 Qa8+ 82. Kg1 Qd5 83. Qe2 Kg6 84. Qe8 Qe6 85. Qg8+ Kf6 86. Qh8+ Ke7 87. Qg7 Qf6 88. Qh7 Qf3 89. Qh6 f6 90. Qg7+ Ke6 91. Qg8+ Ke5 92. Qe8+ Kf5 93. Qd7+ Kg6 94. Qe8+ Kh6 95. Qf8+ Kg6 96. Qg8+ Kf5 97. Qc8+ Ke5 98. Qc7+ Ke6 99. Qc8+ Kd6 100. Qd8+ Kc5 101. Qe7+ Kb6 102. Qd6+ Qc6 103. Qb4+ Kc7 104. Qe7+ Kb8 105. Qd8+ Ka7 106. Qe7+ Ka6 107. Qa3+ Kb6 108. Qb4+ Qb5 109. Qd6+ Qc6 110. Qb4+ 1/2-1/2


[Site "https://www.chess.com"]

[Event "Titled Tuesday Blitz November 07 Early 2023"]
[White "LiadCuba"]
[Black "Jaskolka, Tomasz"]
[BlackFideId "1170791"]
[WhiteElo "2413"]
[BlackElo "2569"]
[Result "1-0"]
[Round "5"]
[TimeControl "180+1"]
[Date "2023.11.07"]
[WhiteClock "0:00:07"]
[BlackClock "0:00:09"]
[Board "119"]

1. d4 d5 2. c4 e5 3. dxe5 d4 4. Nf3 Nc6 5. Nbd2 Nge7 6. Nb3 Ng6 7. Nbxd4 Ncxe5 8. Nxe5 Nxe5 9. e3 Be7 10. Be2 O-O 11. O-O c6 12. b3 a5 13. Bb2 Bf6 14. Qc2 a4 15. h3 g6 16. Rfd1 Qc7 17. Nf3 Bf5 18. e4 Nxf3+ 19. Bxf3 Bxb2 20. Qxb2 Be6 21. c5 Qf4 22. Qc3 Rfd8 23. bxa4 Rxd1+ 24. Rxd1 Qg5 25. Rb1 Rxa4 26. Rxb7 Ra8 27. a4 Bxh3 28. a5 Be6 29. Qb2 Qd8 30. a6 Rxa6 31. Rb8 Bc8 32. Bg4 f5 33. exf5 gxf5 34. Be2 Ra7 35. Bc4+ Rf7 36. Bxf7+ Kxf7 37. Qb3+ Kf6 38. Qc3+ Kf7 39. Qc4+ Kg6 40. Qb3 Qc7 41. Qg3+ Qxg3 42. fxg3 Be6 43. Rd8 Kf6 44. Rd6 Ke5 45. Rxc6 Kd5 46. Rc7 h6 47. Rh7 Kxc5 48. Rxh6 Bd7 49. Kf2 Kd5 50. Ke3 Ke5 51. Rh7 Be6 52. Re7 Kf6 53. Ra7 Ke5 54. Ra5+ Kf6 55. Kf4 Bd7 56. Ra6+ Be6 57. Rb6 Ke7 58. Ke5 Bc8 59. Rf6 Bd7 60. Rxf5 Bxf5 61. Kxf5 Kf7 62. g4 Kg7 63. g5 Kh7 64. g6+ Kh6 65. Kf6 Kh5 66. g7 Kh6 67. g8=Q Kh5 68. Qg5# 1-0


[Site "https://www.chess.com"]

[Event "Titled Tuesday Blitz November 07 Early 2023"]
[White "Gontcharov, Vladislav"]
[Black "Mejia, Cherry Ann"]
[WhiteFideId "4123492"]
[BlackFideId "5206880"]
[WhiteElo "2569"]
[BlackElo "2384"]
[Result "1-0"]
[Round "5"]
[TimeControl "180+1"]
[Date "2023.11.07"]
[WhiteClock "0:00:18"]
[BlackClock "0:00:00"]
[Board "120"]

1. d4 d5 2. c4 dxc4 3. Nf3 a6 4. a4 Nc6 5. e3 Na5 6. Nbd2 Be6 7. Qc2 Nb3 8. Rb1 b5 9. axb5 Nxd2 10. Nxd2 axb5 11. b3 c5 12. dxc5 Qd5 13. bxc4 bxc4 14. Bxc4 Qxg2 15. Bb5+ Kd8 16. Rf1 Nf6 17. c6 Kc7 18. Qc3 Qd5 19. Bb2 Ne4 20. Qe5+ Qxe5 21. Bxe5+ Nd6 22. Ne4 f6 23. Bg3 g6 24. Nc5 Bf7 25. e4 Bg7 26. Nd7 1-0


[Site "https://www.chess.com"]

[Event "Titled Tuesday Blitz November 07 Early 2023"]
[White "Osinovsky, Stepan"]
[Black "Predator0608"]
[WhiteFideId "4157354"]
[WhiteElo "2412"]
[BlackElo "2559"]
[Result "0-1"]
[Round "5"]
[TimeControl "180+1"]
[Date "2023.11.07"]
[WhiteClock "0:00:28"]
[BlackClock "0:00:21"]
[Board "121"]

1. e4 c5 2. Nf3 d6 3. d3 Nf6 4. Nbd2 g6 5. g3 Bg7 6. Bg2 O-O 7. O-O Nc6 8. Re1 e5 9. a4 Ne8 10. c3 f5 11. Nc4 f4 12. gxf4 exf4 13. d4 cxd4 14. cxd4 g5 15. d5 Ne5 16. Nfxe5 dxe5 17. b3 g4 18. Bb2 Qg5 19. Qd2 h5 20. Rad1 Bd7 21. d6 Kh7 22. Qd5 g3 23. Bxe5 gxf2+ 24. Kxf2 Rg8 25. Bxg7 Qh4+ 26. Kf1 Rxg7 27. e5 Qxh2 28. e6 Bc6 29. Qf5+ Kg8 30. Rd5 Qxg2# 0-1


[Site "https://www.chess.com"]

[Event "Titled Tuesday Blitz November 07 Early 2023"]
[White "Can, Melih Kaan"]
[Black "Roebers, Eline"]
[WhiteFideId "6317383"]
[BlackFideId "1058401"]
[WhiteElo "2403"]
[BlackElo "2556"]
[Result "0-1"]
[Round "5"]
[TimeControl "180+1"]
[Date "2023.11.07"]
[WhiteClock "0:00:38"]
[BlackClock "0:01:16"]
[Board "122"]

1. e4 c5 2. Nf3 e6 3. c3 Nf6 4. Bd3 d5 5. e5 Nfd7 6. Bc2 Nc6 7. d4 b6 8. O-O Ba6 9. Re1 Rc8 10. a3 Qc7 11. Nbd2 cxd4 12. cxd4 Ncxe5 13. Nxe5 Qxc2 14. Qh5 Nxe5 15. dxe5 Bc5 16. Qh4 O-O 17. Nf3 Rc7 18. b4 Be7 19. Bg5 Bxg5 20. Qxg5 Rfc8 21. h4 Bd3 22. h5 h6 23. Qf4 Rc4 24. Qg3 Bf5 25. Nh2 Qb2 26. Qe3 Rc3 27. Qd4 R8c4 28. Qd1 Rc2 29. Qf3 R4c3 30. Reb1 Rxf3 31. Rxb2 Rfxf2 32. Rxc2 Rxc2 33. Nf3 Be4 34. Nd4 Rxg2+ 35. Kf1 Rh2 36. Re1 Rxh5 37. Nb5 Bd3+ 0-1


[Site "https://www.chess.com"]

[Event "Titled Tuesday Blitz November 07 Early 2023"]
[White "Vestby-Ellingsen, Mads"]
[Black "Marchesich, Giovanni"]
[WhiteFideId "1520857"]
[BlackFideId "2824790"]
[WhiteElo "2551"]
[BlackElo "2372"]
[Result "1/2-1/2"]
[Round "5"]
[TimeControl "180+1"]
[Date "2023.11.07"]
[WhiteClock "0:00:32"]
[BlackClock "0:00:46"]
[Board "123"]

1. a3 g6 2. h3 d5 3. e3 e5 4. d3 c5 5. Nc3 Be6 6. Bd2 Bg7 7. e4 Ne7 8. Nf3 Nbc6 9. Ng5 Bc8 10. exd5 Nxd5 11. Qf3 Nf6 12. Nge4 Nd4 13. Qd1 Nxe4 14. dxe4 O-O 15. Bc4 Be6 16. Bd5 Rb8 17. a4 b6 18. O-O Kh8 19. Kh1 f5 20. Bxe6 Nxe6 21. exf5 gxf5 22. Re1 Nd4 23. Nb5 a6 24. Nxd4 cxd4 25. Qh5 Rc8 26. Bh6 Qf6 27. Bxg7+ Qxg7 28. Qe2 e4 29. Rad1 Rg8 30. g3 a5 31. Qd2 Rgd8 32. Qf4 Rc5 33. Re2 Rcd5 34. Kh2 Qd7 35. Red2 Qxa4 36. Rxd4 Rxd4 37. Qe5+ Kg8 38. Qe6+ Kg7 39. Qe7+ Kg8 40. Qe6+ Kg7 41. Qe7+ Kg8 42. Qe6+ 1/2-1/2


[Site "https://www.chess.com"]

[Event "Titled Tuesday Blitz November 07 Early 2023"]
[White "Soumya, Swaminathan"]
[Black "Avazkhonov, Alikhon"]
[WhiteFideId "5016193"]
[BlackFideId "14208504"]
[WhiteElo "2365"]
[BlackElo "2549"]
[Result "1-0"]
[Round "5"]
[TimeControl "180+1"]
[Date "2023.11.07"]
[WhiteClock "0:01:07"]
[BlackClock "0:00:00"]
[Board "124"]

1. e4 c5 2. Nf3 d6 3. d4 cxd4 4. Nxd4 Nf6 5. Nc3 a6 6. h3 e5 7. Nf3 Be7 8. g4 h6 9. Rg1 b5 10. g5 hxg5 11. Nxg5 Bb7 12. Be3 Nbd7 13. a4 b4 14. Bc4 bxc3 15. Bxf7+ Kf8 16. Bg6 Qa5 17. b4 Qxb4 18. Ne6+ Kg8 19. Bf5 Bf8 20. Rb1 Qxa4 21. Qxd6 Kf7 22. Ng5+ 1-0


[Site "https://www.chess.com"]

[Event "Titled Tuesday Blitz November 07 Early 2023"]
[White "Saya, Ethan"]
[Black "brm72"]
[WhiteFideId "26095181"]
[WhiteElo "2359"]
[BlackElo "2546"]
[Result "1/2-1/2"]
[Round "5"]
[TimeControl "180+1"]
[Date "2023.11.07"]
[WhiteClock "0:00:16"]
[BlackClock "0:00:04"]
[Board "125"]

1. e4 c5 2. Nf3 d6 3. d4 cxd4 4. Qxd4 Nc6 5. Bb5 Bd7 6. Bxc6 Bxc6 7. Nc3 e6 8. Bg5 Nf6 9. O-O-O Be7 10. Bxf6 gxf6 11. Nd2 b5 12. a4 b4 13. Qxb4 Rb8 14. Qd4 Qa5 15. Nc4 Qb4 16. Na2 Qxa4 17. Nxd6+ Kf8 18. Qxa4 Bxa4 19. f3 Kg7 20. Nc3 Bc6 21. Nc4 Rhc8 22. Na5 Be8 23. Nb3 Bb4 24. Ne2 a5 25. Nbd4 a4 26. c3 a3 27. bxa3 Bxc3 28. Nxc3 Rxc3+ 29. Kd2 Rxa3 30. Ra1 Rb2+ 31. Nc2 Rab3 32. Ra8 Bb5 33. Rc1 Rd3+ 34. Ke1 h5 35. Rb8 h4 36. h3 Rdb3 37. Kf2 Rc3 38. Kg1 Rcxc2 39. Rxc2 Rxc2 40. Rxb5 Rc1+ 41. Kh2 Kg6 42. Rb8 Kg5 43. Rg8+ Kf4 44. Rg4+ Ke3 45. Rxh4 Kf2 46. Rg4 f5 47. exf5 exf5 48. Rg7 f6 49. h4 Rc4 50. Kh3 Rc1 51. Kh2 Rc4 52. Rh7 Rc1 53. h5 Rc4 54. g3 Kxf3 55. h6 Rc2+ 56. Kh3 Rc1 57. Kh2 Rc2+ 58. Kg1 Rc1+ 59. Kh2 Rc2+ 1/2-1/2


[Site "https://www.chess.com"]

[Event "Titled Tuesday Blitz November 07 Early 2023"]
[White "Harriott, Tyrell"]
[Black "Hirneise, Jens"]
[WhiteFideId "2086484"]
[BlackFideId "24614734"]
[WhiteElo "2342"]
[BlackElo "2541"]
[Result "0-1"]
[Round "5"]
[TimeControl "180+1"]
[Date "2023.11.07"]
[WhiteClock "0:00:00"]
[BlackClock "0:00:09"]
[Board "126"]

1. d4 d6 2. e3 Nd7 3. f4 d5 4. Bd3 e6 5. Nf3 g6 6. O-O Bg7 7. Nbd2 Ne7 8. Ne5 O-O 9. Qg4 f5 10. Qh3 Nf6 11. b3 Nc6 12. Ba3 Re8 13. Rac1 Nxe5 14. fxe5 Ng4 15. c4 c6 16. Bd6 Qg5 17. Rfe1 Bf8 18. Nf3 Qd8 19. c5 b5 20. Qg3 a5 21. h3 Nh6 22. Ng5 Be7 23. Nf3 Nf7 24. Rf1 Kh8 25. Kh1 Ra7 26. Qh2 Bg5 27. Rce1 Bh6 28. g4 Ng5 29. gxf5 exf5 30. Qf4 Nxf3 31. Qxf3 Qh4 32. Rg1 f4 33. Bf1 Qxe1 34. exf4 Qh4 35. e6 Bxe6 36. Be5+ Kg8 37. f5 Bf7 38. Bd3 Bg7 39. fxg6 hxg6 40. Bxg6 Bxg6 41. Rxg6 Rxe5 42. dxe5 Qe1+ 43. Rg1 Qxe5 44. Qg4 Rf7 45. Qc8+ Kh7 46. Qg4 Qe4+ 47. Rg2 Rf1+ 48. Kh2 Be5+ 49. Rg3 Qc2+ 0-1


[Site "https://www.chess.com"]

[Event "Titled Tuesday Blitz November 07 Early 2023"]
[White "gpsji27"]
[Black "Lymar, Vladislav"]
[BlackFideId "14162180"]
[WhiteElo "2343"]
[BlackElo "2539"]
[Result "1-0"]
[Round "5"]
[TimeControl "180+1"]
[Date "2023.11.07"]
[WhiteClock "0:00:30"]
[BlackClock "0:00:21"]
[Board "127"]

1. d4 d6 2. Nc3 Nf6 3. e4 e5 4. Nf3 Nbd7 5. Bg5 Be7 6. Bd3 O-O 7. dxe5 dxe5 8. Qe2 h6 9. Bxf6 Bxf6 10. O-O-O c6 11. g4 Bh4 12. Bc4 b5 13. Bb3 a5 14. a3 b4 15. axb4 axb4 16. Na4 Qe7 17. Qc4 Bg5+ 18. Kb1 Nf6 19. Nb6 Ra5 20. Nxg5 Qa7 21. Qxf7+ Rxf7 22. Rd8+ Ne8 23. Rxe8# 1-0


[Site "https://www.chess.com"]

[Event "Titled Tuesday Blitz November 07 Early 2023"]
[White "Goltseva, Ekaterina"]
[Black "SlippperyWhenWet"]
[WhiteFideId "24173770"]
[WhiteElo "2538"]
[BlackElo "2338"]
[Result "1-0"]
[Round "5"]
[TimeControl "180+1"]
[Date "2023.11.07"]
[WhiteClock "0:00:11"]
[BlackClock "0:00:07"]
[Board "128"]

1. e4 c5 2. Nf3 d6 3. c3 Nc6 4. d4 d5 5. exd5 Qxd5 6. Na3 Nf6 7. Bc4 Qd8 8. dxc5 Qxd1+ 9. Kxd1 Bg4 10. h3 Bxf3+ 11. gxf3 O-O-O+ 12. Ke2 Ne5 13. Bb5 e6 14. Be3 a6 15. Ba4 Nfd7 16. b4 f5 17. Bb3 Re8 18. Nc2 Nc6 19. Nd4 Nxd4+ 20. cxd4 e5 21. d5 f4 22. Bd2 Nf6 23. h4 g6 24. Rac1 Bh6 25. Bc3 Rhf8 26. Rhe1 e4 27. d6 e3 28. Rcd1 Nd7 29. Bd5 Rf5 30. Be4 Rh5 31. Rh1 a5 32. a3 Nb8 33. fxe3 fxe3 34. Bd4 Nd7 35. Bxe3 Bxe3 36. Kxe3 Nf6 37. Kd4 Nxe4 38. fxe4 Rhe5 39. Rhe1 Kd7 40. bxa5 Kc6 41. Rb1 b5 42. axb6 Rxc5 43. b7 Rb8 44. d7 Rb5 45. Rec1+ Kb6 46. Rxb5+ Kxb5 47. Rc8 Rxb7 48. d8=Q h5 49. Qd5+ Ka6 50. Rc6+ Ka7 51. Qc5+ Kb8 52. Rc8# 1-0


[Site "https://www.chess.com"]

[Event "Titled Tuesday Blitz November 07 Early 2023"]
[White "Goh, Zi Han"]
[Black "Manukian, Artak"]
[WhiteFideId "5819156"]
[BlackFideId "13301373"]
[WhiteElo "2333"]
[BlackElo "2532"]
[Result "1/2-1/2"]
[Round "5"]
[TimeControl "180+1"]
[Date "2023.11.07"]
[WhiteClock "0:01:23"]
[BlackClock "0:01:48"]
[Board "129"]

1. d4 d5 2. c4 dxc4 3. e3 e5 4. Bxc4 exd4 5. exd4 Nf6 6. Nf3 Bb4+ 7. Nc3 O-O 8. O-O c5 9. d5 Bxc3 10. bxc3 Bg4 11. Bf4 Re8 12. Qd3 Nbd7 13. Bb5 a6 14. Bxd7 Nxd7 15. c4 Qf6 16. Bg3 Bxf3 17. Qxf3 Qxf3 18. gxf3 Ne5 19. Bxe5 Rxe5 20. Rab1 b5 21. cxb5 axb5 22. Rxb5 Rxd5 23. Ra1 Kf8 24. a4 Rd4 25. a5 c4 26. a6 Rd6 27. a7 Rdd8 28. Kf1 Ke7 29. Ke2 Rd7 30. Rc5 Rdxa7 31. Rxa7+ Rxa7 32. Rxc4 Ra6 33. Kf1 h5 34. h4 g6 35. Kg2 Kf6 1/2-1/2


[Site "https://www.chess.com"]

[Event "Titled Tuesday Blitz November 07 Early 2023"]
[White "MIss_MIaMI"]
[Black "Mihailidis, Anastasios"]
[BlackFideId "4205588"]
[WhiteElo "2332"]
[BlackElo "2530"]
[Result "0-1"]
[Round "5"]
[TimeControl "180+1"]
[Date "2023.11.07"]
[WhiteClock "0:00:11"]
[BlackClock "0:00:03"]
[Board "130"]

1. e4 c5 2. Nf3 d6 3. d4 cxd4 4. Nxd4 Nf6 5. Nc3 g6 6. Be2 Bg7 7. Be3 O-O 8. O-O Nc6 9. f3 Qb6 10. Na4 Qb4 11. c3 Qa5 12. Nxc6 bxc6 13. b4 Qc7 14. Rc1 a5 15. a3 Nd7 16. Nb2 c5 17. b5 Nb6 18. a4 e6 19. Qc2 d5 20. exd5 exd5 21. Rfd1 Re8 22. Bf2 Bf5 23. Bd3 Be6 24. Re1 Rac8 25. Bg3 Qd7 26. Be5 Bxe5 27. Rxe5 d4 28. c4 f6 29. Re2 Bf7 30. Rce1 Rxe2 31. Rxe2 Re8 32. Kf2 Qc7 33. g3 Re5 34. f4 Rxe2+ 35. Qxe2 Qb7 36. Be4 Qe7 37. Bd3 Qd7 38. Kg2 Be6 39. Be4 Bh3+ 40. Kf2 Bg4 41. Qd3 Bh5 42. Bg2 Bg4 43. Bc6 Qe6 44. Bg2 Bf5 45. Qe2 Qxe2+ 46. Kxe2 Bc2 47. Bd5+ Kf8 48. Nd3 Bxd3+ 49. Kxd3 f5 50. h3 Ke7 51. Bg8 h6 52. g4 Kf6 53. Bh7 Nxa4 54. gxf5 gxf5 55. Bg8 Kg7 56. Bd5 Kf6 57. Kc2 h5 58. Bg8 h4 59. Kb3 Nb6 60. Bd5 a4+ 61. Ka3 d3 62. Bf3 d2 63. Bd1 Nxc4+ 64. Kxa4 Nb2+ 65. Ka5 Nxd1 66. b6 Nc3 67. b7 d1=Q 68. b8=Q Qa4+ 69. Kb6 Qb5+ 70. Kc7 Qxb8+ 71. Kxb8 c4 72. Kc7 Ne4 73. Kc6 c3 74. Kd5 c2 75. Kd4 c1=Q 76. Kd3 Qd2+ 77. Kc4 Qc3+ 78. Kd5 Qc5# 0-1


[Site "https://www.chess.com"]

[Event "Titled Tuesday Blitz November 07 Early 2023"]
[White "Shubenkova, Veronika"]
[Black "Napoli, Nicolo"]
[WhiteFideId "44124040"]
[BlackFideId "813702"]
[WhiteElo "2529"]
[BlackElo "2327"]
[Result "1-0"]
[Round "5"]
[TimeControl "180+1"]
[Date "2023.11.07"]
[WhiteClock "0:01:29"]
[BlackClock "0:00:00"]
[Board "131"]

1. e4 g6 2. d4 Bg7 3. c4 d6 4. Nc3 Nc6 5. Be3 e5 6. d5 Nd4 7. Nge2 Bg4 8. Qd3 Bxe2 9. Nxe2 Nxe2 10. Bxe2 Ne7 11. O-O-O O-O 12. f3 a6 13. g4 b5 14. c5 f5 15. gxf5 gxf5 16. Bg5 Bf6 17. Bxf6 Rxf6 18. Rdg1+ Kh8 19. Qe3 Qf8 20. cxd6 cxd6 21. Kb1 Ng6 22. exf5 Rxf5 23. Rg3 Nf4 24. Bd3 Rf7 25. Be4 Rc8 26. Rhg1 Qe7 27. Rg4 a5 28. h4 a4 29. h5 b4 30. h6 a3 31. Rg7 Rcf8 32. Bxh7 Qh4 33. Qe4 Qf2 34. Rg8+ 1-0


[Site "https://www.chess.com"]

[Event "Titled Tuesday Blitz November 07 Early 2023"]
[White "Mazzilli, Piero"]
[Black "Ben Artzi, Ido"]
[WhiteFideId "807087"]
[BlackFideId "2810913"]
[WhiteElo "2322"]
[BlackElo "2529"]
[Result "0-1"]
[Round "5"]
[TimeControl "180+1"]
[Date "2023.11.07"]
[WhiteClock "0:00:33"]
[BlackClock "0:00:14"]
[Board "132"]

1. e4 e5 2. Nf3 Nc6 3. Nc3 Nf6 4. d4 exd4 5. Nxd4 Bb4 6. Nxc6 bxc6 7. Bd3 d5 8. exd5 O-O 9. O-O cxd5 10. h3 c6 11. Qf3 Re8 12. Bg5 Rb8 13. Ne2 Bd6 14. b3 Be5 15. Rad1 Bd7 16. Ng3 Qc7 17. Nh5 Nxh5 18. Qxh5 g6 19. Qh4 Bc3 20. Bf6 Rb4 21. Qg5 Bxf6 22. Qxf6 Rf4 23. Qc3 Qe5 24. Qxe5 Rxe5 25. Rfe1 f6 26. Re2 Kf7 27. Rde1 Ke6 28. g3 Rd4 29. f4 Rxe2 30. Rxe2+ Kd6 31. h4 c5 32. Re3 c4 33. bxc4 dxc4 34. Be2 Be6 35. Kf2 Rd2 36. c3 Rxa2 37. Rxe6+ Kxe6 38. Ke3 Kd5 39. Bf3+ Kc5 0-1


[Site "https://www.chess.com"]

[Event "Titled Tuesday Blitz November 07 Early 2023"]
[White "Bogaudinov, Rushan"]
[Black "Rietze, Clemens, Dr."]
[WhiteFideId "4129288"]
[BlackFideId "24620351"]
[WhiteElo "2318"]
[BlackElo "2528"]
[Result "0-1"]
[Round "5"]
[TimeControl "180+1"]
[Date "2023.11.07"]
[WhiteClock "0:00:45"]
[BlackClock "0:00:25"]
[Board "133"]

1. d4 Nf6 2. Nf3 g6 3. g3 Bg7 4. Bg2 O-O 5. O-O d6 6. b3 a5 7. a3 e5 8. Bb2 e4 9. Nfd2 Re8 10. e3 h5 11. c4 Bf5 12. Nc3 Nbd7 13. b4 Nf8 14. Nd5 N8h7 15. Nxf6+ Bxf6 16. bxa5 Rxa5 17. Qb3 b6 18. Bc3 Ra7 19. a4 h4 20. a5 bxa5 21. Rxa5 Rxa5 22. Bxa5 Ng5 23. Qb7 Re7 24. Rb1 Qd7 25. Qb8+ Kh7 26. Rb7 Qa4 27. Bxc7 Qd1+ 28. Nf1 h3 29. Rb1 Qg4 30. Bxd6 hxg2 31. Nd2 Rd7 32. Bf4 Nh3+ 33. Kxg2 Qe2 34. Nxe4 Bxe4+ 35. Kxh3 Qh5# 0-1


[Site "https://www.chess.com"]